[Event "32nd NATO Chess Championship"]
[Site "Tartu, Estonia"]
[Date "2022.06.29"]
[Round "4.31"]
[White "Coulon, Dominic"]
[Black "Kocur, Marc"]
[Result "0-1"]
[TimeControl "90 min + 30 sec increment from move one"]
[WhiteFideId "2621932"]
[BlackFideId "205036"]
[WhiteElo "1701"]
[BlackElo "1835"]

1. d4 Nc6 2. e4 e5 3. d5 Nce7 4. c4 Ng6 5. Nc3 Bb4 6. Nge2 Nf6 7. f3 O-O 8. Be3 d6 9. Qc2 a6 10.
g3 Bd7 11. Nc1 Bc5 12. Bg5 h6 13. Bd2 Qe8 14. Nd3 Ba7 15. Bg2 c6 16. Ke2 Nh5 17. Raf1 f5 18. Kd1 Nf6 19. h4 Nh5 20.
Be1 Qe7 21. Qe2 f4 22. g4 Ng3 23. Bxg3 fxg3 24. h5 Nf4 25. Nxf4 exf4 26. Kc2 b5 27. Rd1 b4 28. dxc6 bxc3 29.
cxd7 cxb2 30. Rd5 Qxd7 31. Qd3 Bc5 32. Kb1 Qe7 33. Re1 Rab8 34. Re2 Rb6 35. e5 Qc7 36. e6 Qe7 37. Rf5 Rxf5 38.
Qxf5 Be3 39. Qd5 Kh8 40. Rc2 Rb8 41. Bf1 Re8 42. Rxb2 Qh4 43. Qc6 Rg8 44. Bd3 Qh1+ 45. Kc2 Qc1+ 46.
Kb3 Rb8+ 47. Ka4 Qxb2 0-1

[Event "32nd NATO Chess Championship"]
[Site "Tartu, Estonia"]
[Date "2022.06.29"]
[Round "4.32"]
[White "Steen, Kris"]
[Black "Ivbulis, Martins"]
[Result "0-1"]
[TimeControl "90 min + 30 sec increment from move one"]
[WhiteFideId "264571"]
[BlackFideId "11603496"]
[WhiteElo "1735"]
[BlackElo "1815"]

1. c4 e6 2. Nc3 d5 3. g3 Nf6 4. Bg2 a6 5. e3 dxc4 6. Qa4+ Bd7 7. Qxc4 Bc6 8.
Nf3 Be7 9. O-O O-O 10. d4 b5 11. Qb3 Qc8 12. Bd2 Qb7 13. Nh4 Bxg2 14. Nxg2 Nbd7
15. Rac1 c5 16. dxc5 Nxc5 17. Qd1 Rfd8 18. Qe2 b4 19. Nb1 Rac8 20. b3 h6 21.
Rfd1 Nfe4 22. Be1 Ng5 23. Rc4 Rxd1 24. Qxd1 Rd8 25. Qg4 Nd3 0-1

[Event "32nd NATO Chess Championship"]
[Site "Tartu, Estonia"]
[Date "2022.06.29"]
[Round "4.34"]
[White "Allmann, Lauri"]
[Black "Stuhr, Finn"]
[Result "0-1"]
[TimeControl "90 min + 30 sec increment from move one"]
[WhiteFideId "2604868"]
[BlackFideId "1400789"]
[WhiteElo "1804"]
[BlackElo "1686"]

1. c4 c5 2. Nc3 Nf6 3. g3 g6 4. Bg2 Bg7 5. Nf3 Nc6 6. O-O b6 7. d4 cxd4 8. Nxd4 Bb7 9. e3 Na5 10.
b3 Bxg2 11. Kxg2 O-O 12. Ba3 d6 13. Qf3 Qd7 14. Rfd1 Rac8 15. Rac1 Qb7 16. Rd2 Qxf3+ 17. Kxf3 a6 18. Na4 Nd7 19.
Nc3 Nc6 20. Nd5 Rfe8 21. Bb2 Nce5+ 22. Ke2 e6 23. Nf4 Nc5 24. f3 Ned7 25. Nd3 Nxd3 26. Kxd3 e5 27. Ne2 e4+ 28. fxe4 Nc5+ 29.
Kc2 Bxb2 30. Kxb2 Rxe4 31. Rxd6 Rxe3 32. Rc2 b5 33. cxb5 axb5 34. Rd5 Na4+ 35. bxa4 Rxc2+ 36. Kxc2 Rxe2+ 37. Rd2 Rxd2+ 38. Kxd2 bxa4 39.
Kc3 f5 40. Kb4 g5 41. Kc5 Kf7 42. Kd5 Kf6 43. h3 a3 44. g4 f4 45. Ke4 Ke6 46. h4 gxh4 47. Kxf4 Kd5 48. g5 Kd4 49.
Kg4 Kc3 50. Kxh4 Kb2 51. Kh5 Kxa2 52. Kh6 Kb2 53. Kxh7 a2 54. g6 a1=Q 55. g7 Qh1+ 56. Kg6 Qd5 57. Kh7 Qh5+ 58. Kg8 Kc3 59. Kf8 Qf5+ 60. Ke7 Qg6 61. Kf8 Qf6+ 62. Kg8 Kd4 63.
Kh7 Qf5+ 64. Kh6 Qg4 65. Kh7 Qh5+ 66. Kg8 Ke5 67. Kf8 Qf5+ 68. Ke8 Qg6+ 69. Kf8 Qf6+ 70. Kg8 Ke6 71. Kh7 Qh4+ 72. Kg8 Qg5 73. Kh7 Kf7 74.
g8=B+ Qxg8 0-1

[Event "32nd NATO Chess Championship"]
[Site "Tartu, Estonia"]
[Date "2022.06.29"]
[Round "4.35"]
[White "O`byrne, Daniel"]
[Black "Van Den Heuvel, Tonnie"]
[Result "0-1"]
[TimeControl "90 min + 30 sec increment from move one"]
[WhiteFideId "440825"]
[BlackFideId "1012924"]
[WhiteElo "1664"]
[BlackElo "1799"]

1. d4 Nf6 2. Bf4 e6 3. e3 c5 4. c3 Nc6 5. Bd3 a6 6. Nf3 b5 7. dxc5 Bxc5 8. O-O Qe7 9. a3 e5 10.
Nbd2 e4 11. Nxe4 Nxe4 12. Qc2 d5 13. Rad1 Bg4 14. Be2 Rd8 15. Nd4 Nxd4 16. exd4 Bxe2 17. Qxe2 Bd6 18. Bxd6 Nxd6 19. Qh5 O-O 20. Qxd5 Nc4 21. Qc6 Nxb2 22. Rb1 Nc4 23. Qxa6 Nd2 24.
Rfe1 Qg5 25. Qxb5 Nf3+ 26. Kh1 Qxb5 0-1

[Event "32nd NATO Chess Championship"]
[Site "Tartu, Estonia"]
[Date "2022.06.29"]
[Round "4.41"]
[White "Ross, David C"]
[Black "Csizmadia, Csaba"]
[Result "1-0"]
[TimeControl "90 min + 30 sec increment from move one"]
[WhiteFideId "417572"]
[BlackFideId "763942"]
[WhiteElo "1677"]
[BlackElo "1875"]

1. e4 c5 2. Nf3 e6 3. Bd3 Nc6 4. c3 g6 5. Bc2 Bg7 6. d4 cxd4 7. cxd4 d5 8. e5 Qb6 9. Nc3 Nge7 10.
O-O Bd7 11. a3 Na5 12. Rb1 Rc8 13. Na4 Bxa4 14. Bxa4+ Nac6 15. Bf4 O-O 16. Qd2 Nf5 17. Bxc6 Rxc6 18. g4 Ne7 19. Bh6 Rfc8 20. Bxg7 Kxg7 21. Rbc1 Qb3 22. Rxc6 Rxc6 23. Qf4 Ng8 24.
Ng5 Rc7 25. h4 h6 26. Nf3 Qxb2 27. h5 Qxa3 28. g5 Qe7 29. Kg2 hxg5 30. Nxg5 Nh6 31. Rh1 Nf5 32. hxg6 Kxg6 33. Nf3 f6 34.
Qg4+ Kf7 35. Rh7+ Ke8 36. Rxe7+ Rxe7 37. exf6 Rf7 38. Qg8+ 1-0

[Event "32nd NATO Chess Championship"]
[Site "Tartu, Estonia"]
[Date "2022.06.29"]
[Round "4.42"]
[White "Korge, Kersti"]
[Black "Boudry, Rik"]
[Result "0-1"]
[TimeControl "90 min + 30 sec increment from move one"]
[WhiteFideId "4502310"]
[BlackFideId "237540"]
[WhiteElo "1864"]
[BlackElo "1468"]

1. b4 e5 2. Bb2 Bxb4 3. Bxe5 Nf6 4. c4 Nc6 5. Bb2 d6 6. e3 O-O 7. Nf3 Be6 8. Be2 Re8 9. O-O a6 10. d4 Bg4 11. Qb3 Ba5 12. Nc3 Rb8 13. c5 Na7 14. Ng5 d5 15.
Bxg4 Nxg4 16. Qxd5 Re7 17. Nxh7 Bxc3 18. Bxc3 Qxd5 0-1

[Event "32nd NATO Chess Championship"]
[Site "Tartu, Estonia"]
[Date "2022.06.29"]
[Round "4.43"]
[White "Ntalampiras, Spyros"]
[Black "Steffers, Hendrik"]
[Result "1-0"]
[TimeControl "90 min + 30 sec increment from move one"]
[WhiteFideId "4227778"]
[BlackFideId "1010743"]
[WhiteElo "1815"]
[BlackElo "1838"]

1. e4 c5 2. Nf3 e6 3. d4 cxd4 4. Nxd4 a6 5. Bd3 Nf6 6. Qe2 d6 7. O-O Qc7 8. c4 Be7 9. Nc3 O-O 10.
f4 Nc6 11. Nxc6 bxc6 12. Be3 h5 13. h3 Bb7 14. g4 hxg4 15. hxg4 g6 16. Rf2 Kg7 17. Raf1 Rh8 18. g5 Nd7 19.
Bd4+ f6 20. Qg4 Kf7 21. gxf6 e5 22. fxe5 dxe5 23. fxe7+ Kxe7 24. Rf7+ Kd8 25. Be3 Qd6 26. Rd1 Bc8 27. Bc2 Qc7 28.
Bg5+ Ke8 29. Qe6# 1-0

[Event "32nd NATO Chess Championship"]
[Site "Tartu, Estonia"]
[Date "2022.06.30"]
[Round "5.1"]
[White "Wang, Eigen"]
[Black "Pavlidis, Anastasios"]
[Result "0-1"]
[TimeControl "90 min + 30 sec increment from move one"]
[BlackTitle "IM"]
[WhiteFideId "2008777"]
[BlackFideId "4208404"]
[WhiteElo "2293"]
[BlackElo "2296"]

1. d4 d5 2. Nf3 e6 3. c4 h6 4. e3 Nf6 5. Nbd2 c5 6. dxc5 Bxc5 7. a3 O-O 8. Be2 Re8 9. O-O e5 10.
b4 Bd6 11. Bb2 a5 12. cxd5 e4 13. Nd4 axb4 14. Nc4 Bf8 15. d6 Bd7 16. axb4 Rxa1 17. Qxa1 b5 18. Na5 Bxd6 19. Rd1 Ng4 20.
h3 Nxf2 21. Kxf2 Qh4+ 22. Kf1 Bg3 23. Bxb5 Qf6+ 24. Kg1 Qf2+ 25. Kh1 Bxh3 26. Rg1 Re5 27. Be2 Rg5 28. Qf1 Bg4 29. Bxg4 Rxg4 30.
Nf5 Rg5 31. Qd1 Qxf5 0-1

[Event "32nd NATO Chess Championship"]
[Site "Tartu, Estonia"]
[Date "2022.06.30"]
[Round "5.2"]
[White "Sycz, Dariusz"]
[Black "Papasimakopoulos, Alexandros"]
[Result "0-1"]
[TimeControl "90 min + 30 sec increment from move one"]
[BlackTitle "CM"]
[WhiteFideId "1138650"]
[BlackFideId "4244125"]
[WhiteElo "2189"]
[BlackElo "2259"]

1. d4 Nf6 2. Nf3 b6 3. c4 e6 4. e3 Bb7 5. Bd3 Be7 6. O-O c5 7. Nbd2 O-O 8. b3 cxd4 9. exd4 d5 10.
Bb2 Nc6 11. Qe2 Nb4 12. Bb1 dxc4 13. bxc4 Rc8 14. a3 Nc6 15. Bd3 Re8 16. Rfd1 Bf8 17. Qe3 g6 18. Qf4 Bg7 19. Ng5 Qc7 20.
Qh4 h6 21. Nge4 Nh5 22. Nf3 f5 23. Ng3 Nf4 24. Bc1 Nxg2 25. Qh3 Nf4 26. Qh4 g5 27. Bxf4 Qxf4 28. Qxf4 gxf4 29. Ne2 Na5 30.
Ne5 Nb3 31. Rab1 Nxd4 32. Nxd4 Bxe5 33. Nb5 a6 34. Re1 Rc5 35. Na7 Bc7 36. Rbd1 Bb8 37. Bb1 Kf7 38. Bxf5 Rxf5 0-1

[Event "32nd NATO Chess Championship"]
[Site "Tartu, Estonia"]
[Date "2022.06.30"]
[Round "5.3"]
[White "Kedzierski, Slawomir"]
[Black "Stein, Robert"]
[Result "0-1"]
[TimeControl "90 min + 30 sec increment from move one"]
[BlackTitle "FM"]
[WhiteFideId "1134949"]
[BlackFideId "12921084"]
[WhiteElo "2133"]
[BlackElo "2365"]

1. d4 Nf6 2. Nf3 c5 3. d5 g6 4. Nc3 Bg7 5. e4 O-O 6. Be2 d6 7. O-O Bg4 8. Bf4 Qb6 9. Rb1 Re8 10.
h3 Bxf3 11. Bxf3 e6 12. Re1 exd5 13. Nxd5 Nxd5 14. Qxd5 Be5 15. Be3 Nc6 16. c3 Qc7 17. Be2 Bg7 18. Rbd1 Rad8 19. Bc4 a6 20.
Bg5 Rd7 21. Qd2 b5 22. Bd5 Ne7 23. Bxe7 Rdxe7 24. Qd3 Kh8 25. Re3 c4 26. Qc2 Qc5 27. Rf3 f5 28. exf5 Re1+ 29. Kh2 Rxd1 30.
Qxd1 Re5 31. Bb7 gxf5 32. Qd2 d5 33. Qg5 Qc7 34. g3 h6 35. Qg6 Qxb7 36. Rxf5 Rxf5 37. Qxf5 Qc6 38. Kg1 a5 39.
g4 b4 40. h4 bxc3 41. bxc3 d4 42. g5 dxc3 43. g6 Qe8 44. h5 Qd8 45. f4 a4 46. Kg2 Qd2+ 47. Kh1 Qd8 48. Kg2 Qa8+ 49.
Kg3 a3 50. Kh2 Qd8 51. Kg2 Bf6 52. Kh1 Kg7 53. Kg2 Qc7 54. Kf3 Qe7 55. Kf2 Bd4+ 56. Kf1 c2 57. Qxc2 Qe3 58. Kg2 c3 59.
Qf5 Qg1+ 60. Kf3 Qf1+ 61. Kg3 Bf2+ 62. Kf3 Bg1+ 63. Kg3 Qf2+ 64. Kh3 Qh2+ 0-1

[Event "32nd NATO Chess Championship"]
[Site "Tartu, Estonia"]
[Date "2022.06.30"]
[Round "5.4"]
[White "Valeinis, Janis"]
[Black "Pietruszewski, Marcin"]
[Result "1/2-1/2"]
[TimeControl "90 min + 30 sec increment from move one"]
[WhiteFideId "11601450"]
[BlackFideId "1170295"]
[WhiteElo "2176"]
[BlackElo "2195"]

1. Nf3 Nf6 2. g3 c5 3. Bg2 Nc6 4. O-O g6 5. d3 Bg7 6. e4 d6 7. h3 O-O 8. Re1 e5 9. Be3 b6 10.
Qc1 Re8 11. Bh6 Bh8 12. Bg5 Be6 13. c4 Rb8 14. Nc3 a6 15. Nd5 b5 16. b3 Rb7 17. Qd2 Bg7 18. Rab1 Nb8 19. Nh2 Nc6 20.
Nf3 Nb8 21. Nh2 Nc6 22. Nf3 Nb8 1/2-1/2

[Event "32nd NATO Chess Championship"]
[Site "Tartu, Estonia"]
[Date "2022.06.30"]
[Round "5.5"]
[White "Cichy, Kamil"]
[Black "Duren, Andrew"]
[Result "1-0"]
[TimeControl "90 min + 30 sec increment from move one"]
[WhiteFideId "1177257"]
[BlackFideId "2019663"]
[WhiteElo "2179"]
[BlackElo "1997"]

1. e4 c5 2. b3 Nf6 3. e5 Nd5 4. Bb2 g6 5. Nc3 Nxc3 6. Bxc3 Bg7 7. h4 h5 8. e6 Bxc3 9. exf7+ Kxf7 10. dxc3 Kg7 11. Rh3 Nc6 12. Rg3 d6 13. Bd3 Ne5 14. Qd2 Rf8 15. Rg5 Rf6 16. O-O-O Qf8 17. Nf3 Nxd3+ 18. Qxd3 Bg4 19. Re1 Bxf3 20. gxf3 Qf7 21. Reg1 Rf8 22. f4 Kh6 23. Qe3 Qe6 24. Re5 1-0

[Event "32nd NATO Chess Championship"]
[Site "Tartu, Estonia"]
[Date "2022.06.30"]
[Round "5.6"]
[White "Nill, Oliver"]
[Black "Tustanowski, Mateusz"]
[Result "0-1"]
[TimeControl "90 min + 30 sec increment from move one"]
[WhiteFideId "4652630"]
[BlackFideId "1169866"]
[WhiteElo "2166"]
[BlackElo "2036"]

1. c4 e5 2. Nc3 Nf6 3. g3 Bb4 4. Bg2 Nc6 5. Nd5 a5 6. e3 d6 7. Ne2 Bf5 8. a3 Bc5 9. d3 O-O 10. O-O Rb8 11. Rb1 Nxd5 12. cxd5 Ne7 13. b4 axb4 14. axb4 Bb6 15. Nc3 c6 16. dxc6 bxc6 17. Ra1 d5 18. d4 Bc7 19. Ba3 Bd6 20. dxe5 Bxe5 21. Qd2 Re8 22. Rac1 Nc8 23. Ne2 Nd6 24. Nd4 Nc4 25. Qc3 Bxd4 26. exd4 Ra8 27. Bb2 Re2 28. Ba1 Ra3 29. Qxa3 Nxa3 30. Rxc6 Rc2 31. Ra6 Nc4 32. Re1 h6 33. b5 Kh7 34. h4 Bd3 35. Ra7 Qf6 0-1

[Event "32nd NATO Chess Championship"]
[Site "Tartu, Estonia"]
[Date "2022.06.30"]
[Round "5.7"]
[White "Pavlidou, Ekaterini"]
[Black "Cheung, Jan"]
[Result "1-0"]
[TimeControl "90 min + 30 sec increment from move one"]
[WhiteTitle "WIM"]
[WhiteFideId "4213262"]
[BlackFideId "1010735"]
[WhiteElo "2146"]
[BlackElo "1964"]

1. d4 Nf6 2. c4 e6 3. Nc3 Bb4 4. e3 O-O 5. Nf3 d5 6. Bd2 b6 7. Rc1 Bb7 8. cxd5 exd5 9. Bd3 a6 10.
O-O Nbd7 11. Ne5 Bd6 12. f4 Ne4 13. Nxe4 dxe4 14. Bc4 Nf6 15. Be1 Bd5 16. Bh4 Be7 17. Bxd5 Qxd5 18. Rxc7 Bd6 19.
Rc3 Qxa2 20. Bxf6 gxf6 21. Nd7 Rfd8 22. Nxf6+ Kg7 23. Nxe4 Qxb2 24. Rb3 Qa2 25. Qg4+ Kh8 26. Rxb6 Rg8 27.
Ng5 1-0

[Event "32nd NATO Chess Championship"]
[Site "Tartu, Estonia"]
[Date "2022.06.30"]
[Round "5.8"]
[White "Tikerpuu, Mati"]
[Black "Nikomanis, Andreas"]
[Result "0-1"]
[TimeControl "90 min + 30 sec increment from move one"]
[WhiteFideId "4505905"]
[BlackFideId "4213831"]
[WhiteElo "1819"]
[BlackElo "2068"]

1. b4 c6 2. Bb2 a5 3. b5 cxb5 4. e4 b4 5. a3 Nf6 6. e5 Nd5 7. c4 bxc3 8. Nxc3 Nxc3 9. Bxc3 Nc6 10.
Bc4 e6 11. Nf3 b6 12. O-O Ba6 13. Qe2 Bxc4 14. Qxc4 Be7 15. d4 Rc8 16. Qd3 d5 17. exd6 Qxd6 18. d5 O-O 19. Rfd1 Qxd5 20.
Qe2 Qf5 21. Qb2 Bf6 22. Bxf6 gxf6 23. Qxb6 Ne5 24. Nxe5 Qxe5 25. Rac1 Rxc1 26. Rxc1 Rb8 27. Qa7 Rb3 28. Qe7 Qc3 29.
Qd8+ Kg7 30. Qd1 Qd3 31. Qxd3 Rxd3 32. Ra1 a4 33. Kf1 e5 34. Ke2 Rb3 35. Ra2 f5 36. Kd2 Kg6 37. Kc1 e4 38.
Rd2 Rxa3 39. Kb2 Rd3 40. Rc2 Kg5 41. Kc1 h5 42. Rc4 a3 43. Kc2 h4 44. h3 Kf4 45. Rc5 a2 46. Ra5 Rd8 47.
Rxa2 Rg8 48. Kd2 Rxg2 49. Ke2 Rh2 50. Ra3 Rh1 51. Rb3 Ra1 52. Rc3 Rh1 53. Rb3 Kg5 54. Ra3 f4 55. Rb3 f3+ 56.
Ke3 Re1+ 57. Kd4 Kf4 58. Rb7 Rd1+ 59. Kc3 f5 60. Rh7 Rf1 61. Rxh4+ Kg5 62. Rh8 Rxf2 63. Kd4 Kf4 64. Rh4 Kg3 65.
Rh8 Rh2 66. Ke3 Re2+ 67. Kd4 f2 68. Rg8+ Kf4 69. Rg2 f1=Q 0-1

[Event "32nd NATO Chess Championship"]
[Site "Tartu, Estonia"]
[Date "2022.06.30"]
[Round "5.9"]
[White "Bohn, Ulrich"]
[Black "Peraino, Andrew"]
[Result "1-0"]
[TimeControl "90 min + 30 sec increment from move one"]
[WhiteFideId "4656105"]
[BlackFideId "30936187"]
[WhiteElo "2168"]
[BlackElo "1940"]

1. d4 d6 2. e4 Nf6 3. Nc3 g6 4. Bf4 a6 5. Be2 b5 6. e5 b4 7. exf6 bxc3 8. fxe7 Qxe7 9. bxc3 Bb7 10.
Kf1 Bg7 11. Bf3 Bc6 12. Bxc6+ Nxc6 13. Qd3 O-O 14. Re1 Qd7 15. g3 Na5 16. Kg2 Qc6+ 17. Qf3 Qc4 18. Ne2 Rab8 19. Nc1 Rfe8 20.
Nb3 Nc6 21. Qd3 Qd5+ 22. f3 Qb5 23. Kf2 Qxd3 24. cxd3 a5 25. Rxe8+ Rxe8 26. Rb1 Rb8 27. Nd2 Rxb1 28. Nxb1 Ne7 29. Na3 Nd5 30. Bd2 Kf8 31. Nc2 c5 32. dxc5 dxc5 33. c4 Nb4 34. Nxb4 cxb4 35.
Ke3 Ke8 36. d4 Kd7 37. Kd3 Kd6 38. g4 f5 39. g5 Kc6 40. Be1 h6 41. gxh6 Bxh6 42. Bg3 Bg7 43. Bf2 Bf6 44. Kc2 a4 45. Kd3 Be7 46. Bg3 Bf6 47.
Be5 Bxe5 48. dxe5 f4 49. h4 Kc5 50. e6 Kd6 51. c5+ Kxe6 52. Kc4 a3 53. Kxb4 Kd7 54. Kb5 Kc7 55. c6 Kc8 56.
Kc5 Kc7 57. Kd5 Kc8 58. Ke6 Kc7 59. Kf6 Kxc6 60. Kxg6 Kd5 61. Kf5 Kd4 62. Kxf4 Kc3 63. h5 Kb2 64. h6 Kxa2 65. h7 Kb1 66.
h8=Q a2 67. Ke4 Kc2 68. Qa1 1-0

[Event "32nd NATO Chess Championship"]
[Site "Tartu, Estonia"]
[Date "2022.06.30"]
[Round "5.10"]
[White "Pedersen, Finn"]
[Black "Balmaceda, Enrico"]
[Result "1/2-1/2"]
[TimeControl "90 min + 30 sec increment from move one"]
[WhiteTitle "FM"]
[WhiteFideId "1400762"]
[BlackFideId "2089785"]
[WhiteElo "2300"]
[BlackElo "1958"]

1. Nf3 d5 2. d4 Nf6 3. Bf4 g6 4. e3 Bg7 5. Nbd2 O-O 6. h3 b6 7. c3 Nbd7 8. Bd3 Bb7 9. Qb1 c5 10.
O-O Re8 11. Bh2 Rc8 12. a4 a6 13. Re1 Nf8 14. Ne5 N6d7 15. Nxd7 Nxd7 16. f4 f5 17. g4 e6 18. g5 Kf7 19.
Nf3 Rh8 20. Bg3 Qc7 21. Kg2 c4 22. Be2 b5 23. b4 Ra8 24. h4 Bc6 25. a5 Rag8 26. h5 Ke8 27. Rh1 Kd8 28. Nh4 Bf8 29.
Rh3 Bd6 30. hxg6 hxg6 31. Qh1 Nf8 32. Nf3 Rxh3 33. Qxh3 Qh7 34. Nh4 Rh8 35. Rh1 Be8 36. Bf3 Qg8 37. Kf2 Rh7 38. Qg2 Qh8 39.
Bxd5 exd5 40. Qxd5 Kc7 41. Qa8 Bc6 42. Qa7+ Kc8 43. Qxa6+ Bb7 44. Qxd6 Bxh1 45. Qc5+ Kd8 46. Qb6+ Kc8 47.
Qc5+ Kd8 48. Qb6+ Kc8 49. Qc5+ 1/2-1/2

[Event "32nd NATO Chess Championship"]
[Site "Tartu, Estonia"]
[Date "2022.06.30"]
[Round "5.11"]
[White "Hernandez, Albert"]
[Black "Jauk, Wilhelm"]
[Result "0-1"]
[TimeControl "90 min + 30 sec increment from move one"]
[WhiteFideId "2075407"]
[BlackFideId "24681067"]
[WhiteElo "2012"]
[BlackElo "2156"]

1. d4 d5 2. c4 e6 3. Nc3 Nf6 4. Bg5 Be7 5. Nf3 O-O 6. g3 b6 7. cxd5 exd5 8. Bg2 Bb7 9. O-O Nbd7 10.
Rc1 c5 11. Ne5 Nxe5 12. dxe5 Ne4 13. Bxe7 Qxe7 14. Nxd5 Qxe5 15. Nc3 Nxc3 16. Rxc3 Bxg2 17. Kxg2 Rad8 18. Qa4 Qxe2 19. Qxa7 Qxb2 20.
Rb3 Qd2 21. Rxb6 Qd5+ 22. Kg1 Ra8 23. Qb7 Qxa2 24. Rc6 Qa3 25. Qe7 Rac8 26. Rd1 Qf3 27. Rcd6 h6 28. R6d3 Qg4 29. Rc1 Rfe8 30.
Qd6 c4 31. Rdc3 Re6 32. Qd5 Rec6 33. f3 Qe6 34. Qxe6 fxe6 35. Kf2 Kf7 36. Ke3 e5 37. f4 Ke6 38. Ke4 exf4 39. gxf4 g6 40.
Rg1 Kf6 41. Kd5 Kf5 42. Rg2 R6c7 43. Kd4 Rd7+ 44. Ke3 Re8+ 45. Kf3 Rd4 46. Re3 Rxf4+ 47. Ke2 Rxe3+ 48. Kxe3 g5 49. Rd2 Kg4 50.
Rd6 h5 51. Rd5 Rf3+ 52. Ke2 c3 53. Rc5 Rh3 54. Kf1 Kf4 55. Rc4+ Ke5 56. Rc5+ Kd4 57. Rxg5 c2 58. Kg2 Rc3 0-1

[Event "32nd NATO Chess Championship"]
[Site "Tartu, Estonia"]
[Date "2022.06.30"]
[Round "5.12"]
[White "Graczyk, Damian"]
[Black "Jacob, Tobias"]
[Result "1-0"]
[TimeControl "90 min + 30 sec increment from move one"]
[WhiteFideId "1170716"]
[BlackFideId "12903221"]
[WhiteElo "2151"]
[BlackElo "2013"]

1. d4 Nf6 2. Nf3 g6 3. c4 Bg7 4. Nc3 O-O 5. g3 d6 6. Bg2 Nc6 7. d5 Na5 8. Nd2 c5 9. Qc2 a6 10.
O-O Rb8 11. b3 b5 12. Bb2 Nd7 13. Rab1 bxc4 14. bxc4 Ne5 15. Nd1 f6 16. h3 Bh6 17. f4 Nf7 18. e4 e5 19. dxe6 Bxe6 20.
Ne3 Nc6 21. Nd5 Bg7 22. Bc3 Rxb1 23. Rxb1 Nd4 24. Bxd4 cxd4 25. Qa4 Bxd5 26. cxd5 f5 27. Qxa6 g5 28. Qd3 gxf4 29. gxf4 Nh6 30.
e5 dxe5 31. fxe5 Bxe5 32. Nf3 Bd6 33. Nxd4 Qa5 34. Ne6 Rc8 35. Qd4 Qc3 36. Qxc3 Rxc3 37. Rb6 Bg3 38. Rc6 Rd3 39. Kf1 Rd2 40. a4 f4 41. Be4 f3 42.
Rc8+ Kf7 43. Rf8+ Ke7 44. Rxf3 Be5 45. Rb3 Nf7 46. Rb7+ Kf6 47. Nf8 Nd6 48. Nxh7# 1-0

[Event "32nd NATO Chess Championship"]
[Site "Tartu, Estonia"]
[Date "2022.06.30"]
[Round "5.13"]
[White "Choina, Michal"]
[Black "Mouroutis, Konstantinos"]
[Result "0-1"]
[TimeControl "90 min + 30 sec increment from move one"]
[WhiteFideId "1166565"]
[BlackFideId "4204689"]
[WhiteElo "1927"]
[BlackElo "2133"]

1. e4 c6 2. d4 d5 3. Nc3 dxe4 4. Nxe4 Bf5 5. Ng3 Bg6 6. h4 h5 7. Nf3 Nd7 8. Bd3 Bxd3 9. Qxd3 e6 10.
Ne4 Ngf6 11. Nfg5 Nxe4 12. Nxe4 Nf6 13. Nxf6+ gxf6 14. Qe4 Rg8 15. Be3 Rg4 16. Qf3 f5 17. g3 Qa5+ 18. c3 Be7 19.
a4 O-O-O 20. b4 Qc7 21. Bf4 Bd6 22. Bxd6 Qxd6 23. Rb1 f4 24. gxf4 f5 25. Rb2 Rdg8 26. Re2 a5 27. Qe3 Kd7 28.
Rb2 axb4 29. Rxb4 Rxf4 30. f3 Rg3 31. Rf1 Kc7 32. a5 Re4 33. Qxe4 fxe4 34. fxe4 Rg7 0-1

[Event "32nd NATO Chess Championship"]
[Site "Tartu, Estonia"]
[Date "2022.06.30"]
[Round "5.14"]
[White "Dekker, Ard"]
[Black "Onley, David E"]
[Result "1/2-1/2"]
[TimeControl "90 min + 30 sec increment from move one"]
[WhiteFideId "1014528"]
[BlackFideId "419311"]
[WhiteElo "1932"]
[BlackElo "2083"]

1. d4 Nf6 2. Nf3 g6 3. g3 Bg7 4. Bg2 O-O 5. O-O d6 6. c4 Nbd7 7. Nc3 e5 8. e4 Re8 9. h3 a5 10.
Be3 a4 11. Qc2 c6 12. Rfe1 Qa5 13. Rad1 h6 14. Kh2 Kh7 15. Rd2 exd4 16. Nxd4 Nc5 17. a3 Nfd7 18. f4 Nf6 19. Bf2 1/2-1/2

[Event "32nd NATO Chess Championship"]
[Site "Tartu, Estonia"]
[Date "2022.06.30"]
[Round "5.15"]
[White "Keough, Robert"]
[Black "Nilsson, Erik"]
[Result "0-1"]
[TimeControl "90 min + 30 sec increment from move one"]
[WhiteFideId "410667"]
[BlackFideId "1409000"]
[WhiteElo "2074"]
[BlackElo "2002"]

1. e4 e6 2. d4 d5 3. Nc3 Bb4 4. e5 c5 5. Qg4 Ne7 6. dxc5 Nbc6 7. Bb5 Bxc3+ 8. bxc3 Qa5 9. Qb4 Qc7 10.
f4 O-O 11. Qb2 Bd7 12. Nf3 Rfc8 13. Be3 Na5 14. Bd3 Nc4 15. Bxc4 dxc4 16. O-O Nd5 17. Bd4 Nxf4 18. Ng5 Ne2+ 19.
Kh1 Nxd4 20. cxd4 Be8 21. Qc3 b6 22. Qh3 h6 23. Ne4 bxc5 24. Nxc5 Bc6 25. Rf4 Bd5 26. Raf1 Rf8 27. Rg4 Kh7 28.
Qe3 Qe7 29. Rgf4 Rab8 30. Qf2 f5 31. exf6 Rxf6 32. Rxf6 Qxf6 33. Qg1 Qg5 34. Nd7 Rb2 35. Rf2 Rxa2 36. Qb1 c3 37. h3 Qe3 38.
Rf7 Qxh3+ 0-1

[Event "32nd NATO Chess Championship"]
[Site "Tartu, Estonia"]
[Date "2022.06.30"]
[Round "5.16"]
[White "Sauer, Marko"]
[Black "Pazeriene, Diana"]
[Result "0-1"]
[TimeControl "90 min + 30 sec increment from move one"]
[WhiteFideId "1270766"]
[BlackFideId "12802190"]
[WhiteElo "2065"]
[BlackElo "1930"]

1. e4 c6 2. d4 d5 3. Nc3 dxe4 4. Nxe4 Bf5 5. Ng3 Bg6 6. h4 h6 7. h5 Bh7 8. Nf3 e6 9. Bd3 Bxd3 10.
Qxd3 Nf6 11. Bd2 Nbd7 12. c4 Bd6 13. Ne4 Nxe4 14. Qxe4 Nf6 15. Qc2 Qc7 16. Bc3 b5 17. c5 Bf4 18.
g3 Bg5 19. a4 a5 20. axb5 cxb5 21. Ne5 Nd5 22. Qe2 Qb7 23. O-O b4 24. Bd2 Bxd2 25. Qxd2 O-O 26. Ra4 Qc7 27. Rfa1 Ne7 28.
Nc4 Nc6 29. d5 exd5 30. Qxd5 Rad8 31. Nd6 Rfe8 32. Nxe8 Rxe8 33. Qd6 Qc8 34. Rc1 Rd8 35. Qf4 Nd4 36. Re1 Qc6 37. Raa1 Nf3+ 38.
Kf1 Nxe1 39. Rxe1 Qh1+ 40. Ke2 Re8+ 41. Qe3 Rxe3+ 42. fxe3 Qxh5+ 0-1

[Event "32nd NATO Chess Championship"]
[Site "Tartu, Estonia"]
[Date "2022.06.30"]
[Round "5.18"]
[White "Flaata, Alexander R."]
[Black "Farrell, John"]
[Result "1-0"]
[TimeControl "90 min + 30 sec increment from move one"]
[WhiteFideId "1502026"]
[BlackFideId "2024608"]
[WhiteElo "2048"]
[BlackElo "1913"]

1. d4 d5 2. Nc3 Nf6 3. Bf4 a6 4. e3 e6 5. g4 Bd6 6. Bxd6 Qxd6 7. g5 Ng8 8. Nf3 Nc6 9. a3 Bd7 10.
Qd2 Nge7 11. Bd3 e5 12. dxe5 Nxe5 13. Nxe5 Qxe5 14. f4 Qd6 15. O-O-O O-O-O 16. e4 dxe4 17. Nxe4 Qc6 18. Ng3 Bg4 19.
Rde1 Nf5 20. Nxf5 1-0

[Event "32nd NATO Chess Championship"]
[Site "Tartu, Estonia"]
[Date "2022.06.30"]
[Round "5.19"]
[White "Schott, Guido"]
[Black "Tammisto, Janek"]
[Result "1/2-1/2"]
[TimeControl "90 min + 30 sec increment from move one"]
[WhiteFideId "4646746"]
[BlackFideId "4510950"]
[WhiteElo "2028"]
[BlackElo "1881"]

1. Nf3 Nf6 2. c4 g6 3. Nc3 Bg7 4. g3 b6 5. e4 d6 6. Bg2 Bb7 7. d3 O-O 8. O-O c5 9. Nh4 Nc6 10.
f4 a6 11. Be3 Nd7 12. Qd2 Nd4 13. Rae1 Nb8 14. f5 Nbc6 15. Bh6 Ne5 16. Bxg7 Kxg7 17. Ne2 Nxe2+ 18. Rxe2 f6 19. fxg6 hxg6 20.
Nf3 b5 21. b3 b4 22. d4 Nxf3+ 23. Bxf3 Qc7 24. d5 1/2-1/2